cohdb
Replays
Latest Replays
All Replays
Popular Replays
Top Player Replays
Match Explorer
How It Works
Community
CoH3 Stats
Reddit
Sign in to upload your games and track your stats! →
Sign in with Steam
Match 46665871
Unlisted
Match 46665871
Overview
Messages
Build Orders
End
Construct Barracks
Engineer Squad
Selects Armored Battlegroup
Selects Veteran Crews
Riflemen Squad
Riflemen Squad
M1 Mortar Team
Riflemen Squad
Construct Medical Station
Infantry Support Center
Construct Motor Pool
M8 Greyhound Armored Car
M1918 Browning Automatic Rifles
Selects M31 Recovery Vehicle
Selects War Machine
M8 Greyhound Armored Car
MasterStef
K̳itsuné
0
0
Comments
sign in to comment!
No comments posted yet!